 Dungeon Crawl Stone Soup version 0.30-a0-568-g124715a40b (webtiles) character file.

Game seed: 7904036327881349685

2186 lunkers the Basher (level 9, 0/105 HPs)
             Began as a Meteoran Reaver on Dec 29, 2022.
             Was a Follower of Ashenzari.
             Killed by vampiric draining
             ... invoked by a vampire
              (14 damage)
             ... on level 8 of the Dungeon.
             The game lasted 00:13:53 (4281 turns).

lunkers the Basher (Meteoran Reaver)                Turns: 4281, Time: 00:13:53

Health: 0/105      AC: 28    Str: 18    XL:     9   Next: 89%
Magic:  0/14       EV:  2    Int: 15    God:    Ashenzari [*.....]
Gold:   336        SH:  4    Dex: 19    Spells: 3/13 levels left

rFire   . . .      SeeInvis .    a - +1 mace "Sybil of Ashenzari" {Melee, Range} (curse)
rCold   . . .      Faith    .    I - +0 buckler
rNeg    . . .      Spirit   +    (body armour currently unavailable)
rPois   +          Reflect  .    (helmet currently unavailable)
rElec   .          Harm     .    (cloak currently unavailable)
rCorr   .          Rampage  .    (gloves currently unavailable)
Will    +....      NoTele   +    (boots currently unavailable)
Stlth   +                        H - amulet of guardian spirit
HPRegen 0.37/turn                t - ring "Gaze Upon Infinity" {Dex+6, Alch, Elem} (curse)
MPRegen 0.14/turn                B - +4 ring of protection

@: tree-form, on berserk cooldown, slowed, glowing, very slow
A: stationary, stasis, torment immunity, boosted hp, sense surroundings 2,
otherworldly, glowing, explore regen
a: Renounce Religion, Shatter the Chains


You were on level 8 of the Dungeon.
You worshipped Ashenzari.
Ashenzari was aware of your devotion.
You were a tree.
You visited 2 branches of the dungeon, and saw 9 of its levels.
You also visited: Sewer.

You collected 336 gold pieces.

Inventory:

Hand Weapons
 a - the cursed +1 mace "Sybil of Ashenzari" (weapon) {Melee, Range}

   It has a curse which improves the following skills: Melee Combat: Short
   Blades, Long Blades, Axes, Maces & Flails, Polearms, Staves and Unarmed
   Combat.
   Ranged Combat: Ranged Weapons and Throwing.
 i - a +0 dagger of venom
 r - a +2 long sword of electrocution
 F - a +2 short sword of flaming
 G - a +0 morningstar
Missiles
 n - 3 curare-tipped darts
 o - 3 javelins
Armour
 d - a +2 ring mail of fire resistance (melded)
 u - a +0 helmet (melded)
 x - the +2 leather armour "Unir" {Dex+3}
   (You found it on level 3 of the Dungeon)

   Dex:       It affects your dexterity (+3).
 y - a +1 pair of gloves (melded)
 I - a +0 buckler (worn)
Magical Staves
 c - a staff of earth
 C - a staff of cold
Jewellery
 j - a ring of willpower
 t - the cursed ring "Gaze Upon Infinity" (left branch) {Dex+6, Alch, Elem}
   (You found it on level 3 of the Dungeon)

   [ring of dexterity]

   Dex:       It affects your dexterity (+6).
   It has a curse which improves the following skills: Alchemy: Poison Magic and
   Transmutations.
   Elements:  Fire Magic, Ice Magic, Air Magic and Earth Magic.
 B - a +4 ring of protection (right branch)
 E - a ring of fire
 H - an amulet of guardian spirit (around neck)
Scrolls
 b - 2 scrolls of magic mapping
 e - a scroll of torment
 f - a scroll of enchant weapon
 D - 2 scrolls of identify
Potions
 g - 2 potions of flight
 h - 5 potions of curing
 k - a potion of heal wounds
 l - a potion of ambrosia
 m - a potion of invisibility
 p - a potion of resistance
 q - 4 potions of attraction
 s - 3 potions of mutation
 v - a potion of brilliance
 w - a potion of lignification
 z - a potion of cancellation


   Skills:
 + Level 3.5 Fighting
 - Level 10.2(11.0) Maces & Flails
 + Level 0.5 Armour
 - Level 2.4 Dodging
 + Level 0.6 Shields
 - Level 2.6 Spellcasting
 - Level 10.0 Conjurations
 - Level 6.0 Translocations


You had 3 spell levels left.
You knew the following spells:

 Your Spells              Type           Power      Damage    Failure   Level
b - Momentum Strike       Conj/Tloc      52%        3d9       1%          2
c - Hailstorm             Conj/Ice       17%        3d6       11%         3
d - Iskenderun's Mystic   Conj/Tloc      26%        2d7       11%         4
p - Kiss of Death         Conj/Necr      68%        2d10      3%          1

Your spell library contained the following spells:

 Spells                   Type           Power      Damage    Failure   Level
 Gell's Gravitas          Tloc           20%        N/A       7%          3
 Lesser Beckoning         Tloc           40%        N/A       7%          3
 Teleport Other           Tloc           20%        N/A       7%          3
 Kindle Blastsparks       Fire/Tloc/Air  16%        2d11      36%         3
 Ensorcelled Hibernation  Hex/Ice        4%         N/A       38%         2
 Passwall                 Tmut/Erth      1%         N/A       38%         2
 Swiftness                Air            2%         N/A       63%         3
 Fulminant Prism          Conj/Hex       8%         3d7       34%         4
 Lee's Rapid Deconstruct  Erth           1%         3d4*      100%        5


Dungeon Overview and Level Annotations

Branches:
Dungeon (8/15) Zot: 991    Temple (1/1) D:4 Zot: 434   Sewer (visited)
   Lair: D:8-11

Altars:
Ashenzari
Cheibriados
Dithmenos
Kikubaaqudgha
Makhleb
Nemelex Xobeh
Ru
Sif Muna
Uskayaw
Wu Jian
Xom
Yredelemnul
Zin
The Shining One

Shops:
D:3 ([

Annotations:
D:6 2 runed translucent doors, jfcaron's ghost, novice GnBr


Innate Abilities, Weirdness & Mutations

You are a tree.
Your roots penetrate the ground, keeping you stationary.
You cannot be teleported.
You are immune to unholy pain and torment.
Your maximum health is greatly increased.
Your equipment is partially melded.
You passively map the area around you.
You are easily found by Zot.
You glow in the dark.
You regain HP and MP as you explore.


Message History

Unknown command.
You completely miss something. Something hits you.
* * * LOW HITPOINT WARNING * * *
Something bites you!
* * * LOW MAGIC WARNING * * *
* * * LOW HITPOINT WARNING * * *
Something draws strength from your injuries!
Unknown command.
You miss something. Something hits you but does no damage.
Something bites you but does no damage.
Unknown command.
Unknown command.
Unknown command.
You closely miss something. Something hits you but does no damage.
Something bites you but does no damage. Something hits you but does no damage.
Something bites you.
* * * LOW HITPOINT WARNING * * *
Something draws strength from your injuries!
Unknown command.
Unknown command.
You miss something. Something hits you but does no damage.
Something bites you but does no damage.
Unknown command.
Unknown command.
Unknown command.
You hit something but do no damage. Something hits you!
* * * LOW MAGIC WARNING * * *
* * * LOW HITPOINT WARNING * * *
Something bites you but does no damage.
Unknown command.
You cannot move.
Unknown command.
You hit something but do no damage. You block something's attack.
Something bites you but does no damage. Something hits you.
* * * LOW HITPOINT WARNING * * *
Something bites you but does no damage.
Unknown command.
You sock something! Something draws life force from you!
* * * LOW MAGIC WARNING * * *
You die...

...# ######.. #####.........# #*
#### ### ........#....<#.#
#################.............. ,
#............:.#.....##....###,*,
#.############....###......#* , ,
#)# #....###..#....#* #)#
####....###.##....# , #)#
##...........##..<.# , #.# *
#.......♣########### , .(#*
*..........{#.....#. , , ### ,
.....######).)..... *,, , , [..#.
#..)....... *, * , , .... ,
#.......... , , _, ....
,,............, * * , .. ,
..##.........,* ,,,, , , , ....
#.........* ,, ** , ...
.........# *


There were no monsters in sight!

Vanquished Creatures
  3 ice beasts
  4 ogres
  A centaur (D:7)
  2 phantoms
  A necrophage (D:6)
  6 scorpions
  A gnoll sergeant (D:8)
  A wight (D:6)
  4 orc priests
  A jelly (D:6)
  A hound (D:5)
  Jessica (D:3)
  A gnoll bouda (D:8)
  An iguana (D:6)
  Natasha (twice) (D:4)
  2 orc wizards
  10 gnolls (D:8)
  17 adders
  5 river rats (D:5)
  3 white imps
  A worm (D:2)
  10 dart slugs
  20 orcs
  2 endoplasms
  A giant cockroach (D:2)
  4 goblins
  5 hobgoblins
  4 jackals (D:5)
  A quokka (D:2)
  9 ball pythons
  11 bats
  9 frilled lizards
  10 rats
154 creatures vanquished.

Vanquished Creatures (others)
  10 fungi
  2 plants (D:6)
12 creatures vanquished.

Grand Total: 166 creatures vanquished

Notes
Turn   | Place    | Note
-------+----------+-------------------------------------------
     0 | D:1      | lunkers the Meteoran Reaver began the quest for the Orb.
     0 | D:1      | Reached XP level 1. HP: 17/17 MP: 5/5
   404 | D:1      | Reached XP level 2. HP: 24/24 MP: 6/6
   587 | D:2      | Reached XP level 3. HP: 29/29 MP: 8/8
   622 | D:2      | Reached skill level 5 in Maces & Flails
   912 | D:3      | Noticed Jessica
   917 | D:3      | Killed Jessica
   918 | D:3      | Reached XP level 4. HP: 34/36 MP: 9/9
   983 | D:3      | Found Zimatuzia's Antique Weapon Boutique.
  1012 | D:3      | Reached XP level 5. HP: 41/41 MP: 10/10
  1043 | D:3      | Noticed an ogre
  1050 | D:3      | Learned a level 2 spell: Momentum Strike
  1085 | D:3      | Killed an ogre
  1086 | D:3      | Reached skill level 5 in Conjurations
  1086 | D:3      | Reached XP level 6. HP: 48/48 MP: 5/11
  1217 | D:3      | Found Zerr's Armour Boutique.
  1282 | D:3      | Learned a level 3 spell: Hailstorm
  1311 | D:3      | Found a basalt altar of Yredelemnul.
  1615 | D:3      | Identified the +2 leather armour "Unir" {Dex+3}
  1681 | D:3      | Glimpsed the power of Zot.
  1996 | D:4      | Noticed an ogre
  2003 | D:4      | Killed an ogre
  2046 | D:4      | Noticed Natasha
  2051 | D:4      | Killed Natasha
  2052 | D:4      | Reached XP level 7. HP: 29/55 MP: 9/12
  2059 | D:4      | Found a staircase to the Ecumenical Temple.
  2073 | Temple   | Entered the Ecumenical Temple
  2198 | Temple   | Became a worshipper of Ashenzari the Shackled
  2359 | D:4      | Noticed Natasha
  2371 | D:4      | Killed Natasha
  2399 | D:5      | Entered Level 5 of the Dungeon
  2550 | D:5      | Found a shimmering altar of Xom.
  2732 | D:5      | Found a glowing drain.
  2747 | Sewer    | Entered a sewer
  2913 | Sewer    | Reached XP level 8. HP: 47/48 MP: 13/13
  3148 | D:5      | Found a sparkling altar of Nemelex Xobeh.
  3171 | D:5      | Reached skill level 1 in Translocations
  3266 | D:5      | Found a shimmering blue altar of Sif Muna.
  3314 | D:5      | Learned a level 4 spell: Iskenderun's Mystic Blast
  3346 | D:5      | Glimpsed the power of Zot.
  3363 | D:5      | Reached skill level 10 in Maces & Flails
  3397 | D:5      | Glimpsed the power of Zot.
  3434 | D:6      | Found an ancient bone altar of Kikubaaqudgha.
  3531 | D:6      | Reached * piety under Ashenzari
  3555 | D:6      | Found a runed translucent gate.
  3556 | D:6      | Found a runed translucent gate.
  3557 | D:6      | Noticed jfcaron's ghost (novice GnBr)
  3659 | D:6      | Gained mutation: You passively map the area around you.
                  | [Meteoran growth]
  3659 | D:6      | Reached XP level 9. HP: 65/67 MP: 14/14
  3818 | D:7      | Reached skill level 5 in Translocations
  3936 | D:7      | Found a snail-covered altar of Cheibriados.
  4121 | D:8      | Reached skill level 10 in Conjurations
  4281 | D:8      | Killed from afar by a vampire

Illustrated notes

Levels and vault maps discovered:
D:1:      wheals_arrival_shading, layout_loops_corners, serial_bayou_pond_c
D:2:      layout_rooms
D:3:      kennysheep_slugbush, layout_loops_ring,
          mainiacjoe_overflow_tiny_flanked, serial_shops, shop, shop,
          uniq_jessica
D:4:      layout_basic, lemuel_crystal_altar, minmay_temple_entry_sparse_star,
          uniq_natasha
D:5:      layout_rooms, mainiacjoe_overflow_24_doors, amcnicky_altar_gilded,
          lemuel_doored_altar, lightli_sewer_entry_pipes,
          kennysheep_generic_room_6
D:6:      layout_layer_cave, vehumet_crystals, overflow_temple_1_default,
          gammafunk_ghost_nasty_kobolds, kennysheep_generic_room_12
D:7:      old_forge, layout_loops_ring, overflow_temple_1_default,
          kennysheep_generic_room_15, uniq_crazy_yiuf_cottage, uniq_menkaure,
          uniq_pikel, uniq_duvessa
D:8:      layout_rooms, kennysheep_little_box,
          mainiacjoe_overflow_six_doors_small, serial_shops,
          nicolae_lakefront_shop
Temple:   nicolae_temple_two_arcs

Skill      XL: |  1  2  3  4  5  6  7  8  9 |
---------------+----------------------------+-----
Conjurations   | 4 5 6 7 10 | 10.0
Maces & Flails | 5 6 7 8 9 10 | 10.2
Translocations | 4 6 |  6.0
Fighting       | 3 |  3.5
Armour         | |  0.5
Dodging        | |  2.4
Shields        | |  0.6
Spellcasting   | |  2.6

Action                   |  1- 3 |  4- 6 |  7- 9 || total
-------------------------+-------+-------+-------++-------
Melee: Mace              |    60 |    35 |   437 ||   532
       Punch             |       |       |     5 ||     5
 Cast: Kiss of Death     |     1 |     1 |     6 ||     8
       Momentum Strike   |       |    16 |    10 ||    26
       Hailstorm         |       |       |    19 ||    19
Invok: Curse Item        |       |       |     2 ||     2
  Use: Scroll            |       |       |    14 ||    14
       Potion            |       |       |     2 ||     2
 Stab: Held in net/web   |       |       |     1 ||     1
Armor: Ring mail         |    30 |    11 |   146 ||   187
       Leather armour    |       |     1 |    98 ||    99
       Skin              |       |       |    15 ||    15
Dodge: Dodged            |    31 |    13 |   219 ||   263
Block: Buckler           |       |       |     3 ||     3

Table legend: (Time is in decaauts)
 A = Elapsed time spent in this place.
 B = Non-inter-level travel time spent in this place.
 C = Inter-level travel time spent in this place.
 D = Time resting spent in this place.
 E = Time spent auto-exploring this place.
 F = Levels seen in this place.
 G = Mean time per level.
                   A        B        C        D        E       F      G
               +--------+--------+--------+--------+--------+-----+--------+
         Total |   4348 |   4080 |    268 |      0 |   2704 |  10 |  434.8 |
       Dungeon |   3807 |   3550 |    257 |      0 |   2353 |   8 |  475.9 |
        Temple |    165 |    154 |     11 |      0 |    106 |   1 |  165.0 |
         Sewer |    375 |    375 |      0 |      0 |    245 |   1 |  375.0 |
               +--------+--------+--------+--------+--------+-----+--------+

Top non-repeatable levels by time:
     D:3: 829 daAuts
     D:5: 704 daAuts
     D:4: 528 daAuts
     D:1: 448 daAuts
     D:2: 444 daAuts
     D:6: 383 daAuts
   Sewer: 375 daAuts
     D:7: 294 daAuts
     D:8: 174 daAuts
  Temple: 165 daAuts
